 Dungeon Crawl Stone Soup version 0.30-a0-870-gc5d4c5acee (webtiles) character file.

Game seed: 9224228554091964241

14 BlueFish the Vexing (level 2, -1/20 HPs)
             Began as a Vampire Enchanter on Mar 11, 2023.
             Slain by a gnoll
             ... wielding a +0 spear
              (5 damage)
             ... on level 1 of the Dungeon.
             The game lasted 00:01:09 (241 turns).

BlueFish the Vexing (Vampire Enchanter)              Turns: 241, Time: 00:01:09

Health: -1/20      AC:  2    Str:  7    XL:     2   Next: 27%
Magic:  5/5        EV: 12    Int: 17    God:
Gold:   34         SH:  0    Dex: 14    Spells: 5/5 levels left

rFire   . . .      SeeInvis +    a - +1 dagger
rCold   . . .      Faith    .    (no shield)
rNeg    . . .      Spirit   .    b - +0 robe
rPois   .          Reflect  .    (no helmet)
rElec   .          Rampage  .    (no cloak)
rCorr   .                        (no gloves)
Will    .....                    (no boots)
Stlth   +++                      (no amulet)
HPRegen 0.43/turn                (no ring)
MPRegen 0.09/turn                (no ring)

@: healing quickly
A: alive, fangs 3, see invisible, vampiric 1
a: Exsanguinate


You were on level 1 of the Dungeon.
You visited 1 branch of the dungeon, and saw 1 of its levels.

You collected 34 gold pieces.

Inventory:

Hand Weapons
 a - a +1 dagger (weapon)
Armour
 b - a +0 robe (worn)
Scrolls
 f - a scroll of identify {unknown}
 g - a scroll of blinking {unknown}
Potions
 c - 2 potions of invisibility
 d - a potion of curing {unknown}
 e - a potion of haste {unknown}


   Skills:
 + Level 0.4 Fighting
 + Level 1.3 Short Blades
 + Level 0.2 Armour
 + Level 2.4 Dodging
 + Level 4.5 Stealth
 + Level 2.0 Spellcasting
 + Level 4.6 Hexes


You had 5 spell levels left.
You didn't know any spells.
Your spell library contained the following spells:

 Spells                   Type           Power      Damage    Failure   Level
 Confusing Touch          Hex            17%        N/A       9%          3
 Tukima's Dance           Hex            17%        N/A       9%          3
 Ensorcelled Hibernation  Hex/Ice        18%        N/A       11%         2
 Dazzling Flash           Conj/Hex       18%        N/A       22%         3


Dungeon Overview and Level Annotations

Branches:
Dungeon (1/15)

Altars:


Innate Abilities, Weirdness & Mutations

Your natural rate of healing is accelerated.
You have razor-sharp teeth.
You have supernaturally acute eyesight. (SInv)
You are afflicted with vampirism.


Message History

A gnoll comes into view. It is wielding a +0 spear.
The kobold shouts! x2
The kobold throws a stone.
The stone barely misses you. The kobold completely misses you.
The gnoll shouts!
You hit the kobold.
The kobold is moderately wounded.
The kobold misses you.
A gnoll comes into view. It is wielding a +0 spear.
The gnoll shouts!
You hit the kobold but do no damage.
The kobold is moderately wounded.
The kobold hits you but does no damage.
You hit the kobold.
You kill the kobold!
The kobold attacks as you move away! The kobold hits you with a +0 club.
The kobold attacks as you move away! The kobold closely misses you.
You see here 7 gold pieces.
The kobold barely misses you. The kobold attacks as you move away!
The kobold hits you with a +0 club. The kobold attacks as you move away!
The kobold hits you with a +0 club. The kobold attacks as you move away!
The kobold hits you with a +0 club. The kobold attacks as you move away!
The kobold hits you but does no damage. The kobold attacks as you move away!
The kobold hits you with a +0 club. The kobold attacks as you move away!
The kobold hits you with a +0 club.
You see here a hobgoblin corpse.
You hit the kobold.
The kobold is moderately wounded.
The kobold hits you with a +0 club.
You closely miss the kobold.
The kobold is moderately wounded.
The kobold closely misses you.
The gnoll hits you from afar with a +0 spear.
You hit the kobold.
You kill the kobold!
The gnoll closely misses you. The gnoll hits you with a +0 spear.
* * * LOW HITPOINT WARNING * * *
The gnoll hits you with a +0 spear.
You die...

........g.........#
##...♣.....
.†.......###......#
#...♣♣..... ..(..###.#
#......# #......####
.....# ##.##......#
#.###### ...#[#
##.[.....# ##.#####
.......###.##.....#
#......#
......##.##?#.#.###
##......# ......#.
##.#gg# ##.......#
......#
..##@###..#.....#
..######.##..##.....#
............###.[...#
#########...........###
#...♣...##....###
#..♣_♣.###.##.)..
....♣...##. #####
#.#......##.
#.#.###..##.


You could see 2 gnolls.

Vanquished Creatures
  2 endoplasms (D:1)
  2 goblins (D:1)
  3 hobgoblins (D:1)
  A ball python (D:1)
  A bat (D:1)
  A frilled lizard (D:1)
  2 kobolds (D:1)
  A rat (D:1)
13 creatures vanquished.

Notes
Turn   | Place    | Note
-------+----------+-------------------------------------------
     0 | D:1      | BlueFish the Vampire Enchanter began the quest for the Orb.
     0 | D:1      | Reached XP level 1. HP: 13/13 MP: 3/3
    82 | D:1      | Found a faded altar of an unknown god.
   153 | D:1      | Reached XP level 2. HP: 10/19 MP: 5/5
   241 | D:1      | Slain by a gnoll

Illustrated notes

Levels and vault maps discovered:
D:1:      amcnicky_arrival_flooded_fountain, layout_rooms,
          chequers_ecumenical_altar_simple, chequers_mini_garden,
          minmay_heptomino_o4

Action                     || total
---------------------------++-------
  Melee: Dagger            ||    34
         Punch             ||     1
         Bite              ||     1
   Stab: Sleeping          ||     2
 Armour: Robe              ||    13
  Dodge: Dodged            ||    31

Table legend: (Time is in decaauts)
 A = Elapsed time spent in this place.
 B = Non-inter-level travel time spent in this place.
 C = Inter-level travel time spent in this place.
 D = Time resting spent in this place.
 E = Time spent auto-exploring this place.
 F = Levels seen in this place.
 G = Mean time per level.
                   A        B        C        D        E       F      G
               +--------+--------+--------+--------+--------+-----+--------+
         Total |    238 |    238 |      0 |      0 |    106 |   1 |  238.0 |
       Dungeon |    238 |    238 |      0 |      0 |    106 |   1 |  238.0 |
               +--------+--------+--------+--------+--------+-----+--------+

Top non-repeatable levels by time:
     D:1: 238 daAuts
